 Dungeon Crawl Stone Soup version 0.29.1-12-g30fa7ad0bf (webtiles) character file.

Game seed: 740077765805580114

36 wormed the Shield-Bearer (level 3, 0/23 HPs)
             Began as a Gargoyle Fighter on Dec 20, 2022.
             Slain by Crazy Yiuf
             ... wielding a +3 quarterstaff of chaos
              (7 damage)
             ... on level 2 of the Dungeon.
             The game lasted 00:03:08 (1649 turns).

wormed the Shield-Bearer (Gargoyle Fighter)         Turns: 1649, Time: 00:03:08

Health: 0/23       AC: 12    Str: 21    XL:     3   Next: 37%
Magic:  3/3        EV:  7    Int:  8    God:
Gold:   109        SH:  4    Dex:  9    Spells: 2/2 levels left

rFire   . . .      SeeInvis .   f - +0 whip (freeze)
rCold   . . .      Faith    .   c - +0 buckler
rNeg    + . .      Spirit   .   l - +0 chain mail
rPois   ∞          Reflect  .   (no helmet)
rElec   +          Harm     .   (no cloak)
rCorr   .          Rampage  .   (no gloves)
Will    .....                   (no boots)
Stlth   ..........              (no amulet)
HPRegen 0.07/turn               (no ring)
MPRegen 0.08/turn               (no ring)

@: about to teleport, slowed, very slow
A: sickness immunity, AC +3, negative energy resistance 1, electricity
resistance, torment resistance 1, petrification resistance
a: no special abilities


You were on level 2 of the Dungeon.
You visited 1 branch of the dungeon, and saw 2 of its levels.

You collected 109 gold pieces.

Inventory:

Hand Weapons
 f - a +0 whip of freezing (weapon)
Armour
 c - a +0 buckler (worn)
 l - a +0 chain mail (worn)
Scrolls
 i - a scroll of identify
 j - 3 scrolls of teleportation
 m - 2 scrolls of vulnerability {unknown}
 n - a scroll of enchant armour {unknown}
 p - a scroll of amnesia {unknown}
Potions
 a - 2 potions of haste
 b - 3 potions of degeneration {unknown}
 d - a potion of might
 e - 2 potions of curing
 g - 3 potions of lignification {unknown}
 h - a potion of invisibility {unknown}
 k - a potion of resistance {unknown}
 o - a potion of heal wounds {unknown}


   Skills:
 + Level 3.6 Fighting
 * Level 2.7 Maces & Flails
 + Level 3.6 Armour
 + Level 3.6 Shields


You had 2 spell levels left.
You didn't know any spells.
Your spell library was empty.

Dungeon Overview and Level Annotations

Branches:
Dungeon (2/15)

Altars:

Annotations:
D:2 Crazy Yiuf


Innate Abilities, Weirdness & Mutations

You are immune to sickness and miasma.
Your stone body is resilient. (AC +3)
You are immune to poison.
You resist negative energy. (rN+)
You are resistant to electric shocks. (rElec)
You are resistant to unholy torment.
You are immune to petrification.


Message History

The endoplasm is heavily wounded.
The endoplasm barely misses you.
You hit the endoplasm. You freeze the endoplasm.
You kill the endoplasm!
The dart slug launches a dart at you.
The slug dart hits you but does no damage.
The dart slug bites you but does no damage.
You completely miss the dart slug. You hit the dart slug.
You freeze the dart slug.
The dart slug is severely wounded.
The dart slug completely misses you.
You hit the dart slug. You freeze the dart slug.
The dart slug is almost dead.
The dart slug briefly extends its eye-stalks.
The dart slug launches a dart at you. The slug dart misses you.
You hit the dart slug. You freeze the dart slug.
You kill the dart slug!
No target in view!
No target in view!
Crazy Yiuf shouts!
Could not explore, unopened runed door.
As you open the door, it creaks loudly!
You hit Crazy Yiuf but do no damage. Crazy Yiuf barely misses you.
You barely miss Crazy Yiuf. You block Crazy Yiuf's attack.
You hit Crazy Yiuf. You freeze Crazy Yiuf.
Crazy Yiuf is moderately wounded.
Crazy Yiuf hits you with a +3 quarterstaff of chaos!
You block Crazy Yiuf's attack.
You barely miss Crazy Yiuf.
Crazy Yiuf is moderately wounded.
Crazy Yiuf hits you with a +3 quarterstaff of chaos.
You feel yourself slow down.
You hit Crazy Yiuf but do no damage.
Crazy Yiuf is moderately wounded.
Crazy Yiuf hits you with a +3 quarterstaff of chaos.
As you read the scroll of teleportation, it crumbles to dust.
You feel strangely unstable.
Crazy Yiuf hits you with a +3 quarterstaff of chaos!
You die...

# ##.# ##...# ###....##......#
# #.# ###.####..........).###
## #.## #..##.....#.......# .#
#.<# ############......# .#
##.# #......# .# #.### ##.....#
.####.#.#### ### #.....#
...........## ###..)# #.....###
...##....).)####@g...#
##.......#
....#........#..##...#
#...####.. ............#.###
### #...# ### ........#######
#...# .......## #...#
.......##### #####...#
##......##.### #.......#
#......##...### #>......#####
#......####...#######.........#


You could see Crazy Yiuf.

Vanquished Creatures
  2 dart slugs
  5 bats
  4 endoplasms
  3 goblins (D:1)
  3 hobgoblins (D:1)
  A quokka (D:2)
  A ball python (D:1)
  2 frilled lizards
  4 kobolds
  7 rats (D:1)
32 creatures vanquished.

Notes
Turn   | Place    | Note
-------+----------+-------------------------------------------
     0 | D:1      | wormed the Gargoyle Fighter began the quest for the Orb.
     0 | D:1      | Reached XP level 1. HP: 14/14 MP: 1/1
   274 | D:1      | Reached XP level 2. HP: 19/19 MP: 2/2
   377 | D:1      | Found a faded altar of an unknown god.
   625 | D:1      | Reached XP level 3. HP: 11/23 MP: 3/3
  1494 | D:2      | Found a runed translucent door.
  1495 | D:2      | Noticed Crazy Yiuf
  1649 | D:2      | Slain by Crazy Yiuf

Illustrated notes

Levels and vault maps discovered:
D:1:      elethiomel_arrival_diamonds, layout_basic,
          shapermc_ecumenical_altar_notcrosses, minmay_three_crescents
D:2:      layout_rooms, uniq_crazy_yiuf_cottage

Action                   || total
-------------------------++-------
Melee: Whip              ||   108
       Flail             ||    15
  Use: Scroll            ||     6
Armor: Scale mail        ||    28
       Chain mail        ||    35
Dodge: Dodged            ||    60
Block: Buckler           ||    27
